 Dungeon Crawl Stone Soup version 0.31-a0-167-g1c394c0614 (webtiles) character file.

Game seed: 496188702171498079

1408 qw the Skirmisher (level 8, 0/74 HPs)
             Began as a Naga Hunter on June 14, 2023.
             Was an Initiate of Okawaru.
             Slain by an orc warrior
             ... wielding a +0 trident
              (10 damage)
             ... on level 6 of the Dungeon.
             The game lasted 00:01:53 (5029 turns).

qw the Skirmisher (Naga Hunter)                     Turns: 5029, Time: 00:01:54

Health: 0/74       AC:  7    Str: 13    XL:     8   Next: 70%
Magic:  8/8        EV:  9    Int: 10    God:    Okawaru [......]
Gold:   279        SH:  0    Dex: 17    Spells: 7/7 levels left

rFire   + + .        c - +0 orcbow
rCold   + . .        (shield currently unavailable)
rNeg    + . .        l - +1 ring mail {rF+}
rPois   +            (no helmet)
rElec   .            a - scarf {rC+ rF+}
rCorr   .            j - +0 pair of gloves
SInv    +            (no barding)
Will    +++..        d - amulet "Caraqoma" {RegenMP Will++}
Stlth   +            f - ring of positive energy
HPRegen 0.32/turn    (no ring)
MPRegen 0.51/turn

%: no passive effects
@: short of breath, very slow
A: AC +2, large, see invisible, deformed body, poison resistance, slowness 2,
spit poison 1, naga tail 1
a: Spit Poison, Renounce Religion


You were on level 6 of the Dungeon.
You worshipped Okawaru.
Okawaru was noncommittal.
You visited 2 branches of the dungeon, and saw 7 of its levels.
You also visited: Sewer.

You collected 369 gold pieces.
You spent 90 gold pieces at shops.


Innate Abilities, Weirdness & Mutations

Your serpentine skin is tough. (AC +2)
You have supernaturally acute eyesight. (SInv)
Armour fits poorly on your strangely shaped body.
Your system is resistant to poisons. (rPois)
You cover ground very slowly.
You can spit poison.
You have a snake-like lower body.


   Skills:
 - Level 5.2 Fighting
 + Level 8.7 Ranged Weapons
 - Level 1.9 Armour
 - Level 2.0 Dodging
 - Level 1.5 Stealth


You had 7 spell levels left.
You didn't know any spells.
Your spell library was empty.

Inventory:

Hand Weapons
 c - a +0 orcbow (weapon)
Armour
 a - a scarf of resistance (worn)
 j - a +0 pair of gloves (worn)
 l - a +1 ring mail of fire resistance (worn)
Jewellery
 d - the amulet "Caraqoma" (around neck) {RegenMP Will++}
   (You found it on level 4 of the Dungeon)

   [amulet of magic regeneration]

   It increases your rate of magic regeneration.
   Will:      It greatly increases your willpower.
 f - a ring of positive energy (left hand)
Potions
 e - a potion of degeneration {unknown}
 g - a potion of lignification {unknown}
 h - a potion of magic {unknown}
 i - 2 potions of curing
 k - a potion of might {unknown}

Dungeon Overview and Level Annotations

Branches:
Dungeon (6/15)             Temple (1/1) D:4           Sewer (visited)

Altars:
Ashenzari
Cheibriados
Dithmenos
Fedhas
Gozag
Hepliaklqana
Kikubaaqudgha
Makhleb
Nemelex Xobeh
Okawaru
Qazlal
Ru
Sif Muna
Trog
Vehumet
Wu Jian
Xom
Yredelemnul
Zin
The Shining One

Shops:
D:5 *


Message History

You shoot an arrow. The arrow hits the orc!
You kill the orc!
Okawaru accepts your kill.
The orc warrior hits you from afar with a +0 trident!
The orc hits you with a +0 short sword.
You shoot an arrow. The arrow closely misses the orc.
You have got your breath back.
The orc warrior looks more healthy.
The orc warrior closely misses you. The orc hits you with a +0 short sword.
5023 ||| INVOKING Spit Poison.
Aiming: Spit Poison (1% risk of failure)
Press: ? - help, Shift-Dir - straight line, f/p - orc The splash of poison misses the orc.
The orc hits you with a +0 short sword. The orc warrior barely misses you.
You shoot an arrow. The arrow hits the orc.
The orc is severely wounded.
The orc hits you but does no damage.
The orc warrior hits you from afar with a +0 trident!
You shoot an arrow. The arrow hits the orc.
You kill the orc!
Okawaru accepts your kill.
The orc warrior hits you from afar with a +0 trident! x2
You shoot an arrow.
The arrow hits the orc warrior but does no damage.
The orc warrior is lightly wounded.
The orc warrior barely misses you.
You shoot an arrow. The arrow hits the orc warrior.
The orc warrior is moderately wounded.
The orc warrior hits you from afar with a +0 trident.
You shoot an arrow.
The arrow barely misses the orc warrior.
You have got your breath back.
The orc warrior hits you but does no damage.
5029 ||| INVOKING Spit Poison.
Aiming: Spit Poison (1% risk of failure)
Press: ? - help, Shift-Dir - straight line, f/p - orc warrior The splash of poison hits the orc warrior.
The orc warrior is moderately wounded.
The orc warrior hits you from afar with a +0 trident!
You die...

#......#..###..
########..#####
#....#..# #.......#
#....._.#
##########....####
#.....####.#..#..# .#
..)........####..##...##
................@)......
................).......
..................o.....
%)...............##)..##
.)...............# ...#
#.##........##...# .)..
#.##...#######...# ...
........# ..... ?..
........#


You could see an orc warrior.

Vanquished Creatures
  Sigmund (D:2)
  A water moccasin (D:5)
  2 black bears (D:6)
  2 ogres
  A kobold brigand (Sewer)
  2 scorpions
  3 jellies
  A gnoll bouda (D:5)
  2 hounds
  Terence (D:2)
  An iguana (D:5)
  4 orc wizards
  3 gnolls (D:5)
  13 adders
  3 white imps
  An ufetubus (D:4)
  3 worms
  12 orcs
  4 ball pythons
  8 endoplasms
  3 giant cockroaches
  2 goblins (D:3)
  2 hobgoblins
  2 jackals (D:4)
  17 kobolds
  4 quokkas
  9 bats
  3 frilled lizards
  6 rats
116 creatures vanquished.

Notes
Turn   | Place    | Note
-------+----------+-------------------------------------------
     0 | D:1      | qw the Naga Hunter began the quest for the Orb.
     0 | D:1      | Reached XP level 1. HP: 19/19 MP: 1/1
     0 | D:1      | 0 ||| qw: Version: 0.2-a-29-g1fa15c8
     0 | D:1      | 0 ||| qw: Game counter: 5135
     0 | D:1      | 0 ||| qw: Always use a shield: true
     0 | D:1      | 0 ||| qw: God list: Okawaru
     0 | D:1      | 0 ||| qw: Allow faded altars: false
     0 | D:1      | 0 ||| qw: Do Orc after D:15 true
     0 | D:1      | 0 ||| qw: Do second Lair branch before Depths: true
     0 | D:1      | 0 ||| qw: Lair rune preference: random
     0 | D:1      | 0 ||| qw: Plans: Normal
     0 | D:1      | 0 ||| PLANNING D:1-11
    28 | D:1      | 28 ||| INVOKING Spit Poison.
    77 | D:1      | 77 ||| INVOKING Spit Poison.
    90 | D:1      | Reached skill level 4 in Ranged Weapons
    90 | D:1      | Reached XP level 2. HP: 26/26 MP: 2/2
   243 | D:1      | Found a faded altar of an unknown god.
   630 | D:1      | 630 ||| UPGRADING to ring of positive energy.
   631 | D:1      | 631 ||| READING 2 scrolls labelled KINKAO EQOE.
   670 | D:1      | 670 ||| DROPPING scroll of torment.
   671 | D:1      | 671 ||| DROPPING scroll of butterflies.
   750 | D:2      | 750 ||| INVOKING Spit Poison.
   800 | D:2      | 800 ||| INVOKING Spit Poison.
   806 | D:2      | 806 ||| INVOKING Spit Poison.
   808 | D:2      | Reached XP level 3. HP: 32/32 MP: 3/3
   820 | D:2      | 820 ||| INVOKING Spit Poison.
   823 | D:2      | 823 ||| INVOKING Spit Poison.
   829 | D:2      | 829 ||| INVOKING Spit Poison.
   840 | D:2      | 840 ||| INVOKING Spit Poison.
   905 | D:2      | Noticed Terence
   906 | D:2      | 906 ||| INVOKING Spit Poison.
   910 | D:2      | 910 ||| INVOKING Spit Poison.
   912 | D:2      | Killed Terence
   913 | D:2      | Reached skill level 5 in Ranged Weapons
   913 | D:2      | Reached XP level 4. HP: 23/39 MP: 4/4
  1014 | D:2      | 1014 ||| INVOKING Spit Poison.
  1040 | D:2      | 1040 ||| INVOKING Spit Poison.
  1048 | D:2      | Noticed Sigmund
  1049 | D:2      | 1049 ||| INVOKING Spit Poison.
  1054 | D:2      | Killed Sigmund
  1055 | D:2      | Reached XP level 5. HP: 40/51 MP: 5/5
  1068 | D:2      | 1068 ||| INVOKING Spit Poison.
  1071 | D:2      | 1071 ||| INVOKING Spit Poison.
  1074 | D:2      | Reached XP level 6. HP: 52/58 MP: 6/6
  1147 | D:2      | 1147 ||| INVOKING Spit Poison.
  1226 | D:2      | 1226 ||| READING scroll labelled QUILUWA QORCHI.
  1227 | D:2      | 1227 ||| READING scroll labelled DYCAHIEZXA.
  1227 | D:2      | Identified a scroll of acquirement
  1227 | D:2      | 1227 ||| ACQUIRING scarf of Mane {rC+ rF+, rElec Int+6
                  | Slay-6 SInv}
  1227 | D:2      | Acquired the scarf of Mane {rC+ rF+, rElec Int+6 Slay-6
                  | SInv}
  1229 | D:2      | 1229 ||| UPGRADING to scarf of Mane {rC+ rF+, rElec Int+6
                  | Slay-6 SInv}.
  1234 | D:2      | 1234 ||| READING scroll labelled MOROAT CALA.
  1277 | D:3      | Found a radiant altar of Vehumet.
  1280 | D:3      | 1280 ||| INVOKING Spit Poison.
  1334 | D:3      | 1334 ||| INVOKING Spit Poison.
  1389 | D:3      | Identified the +4 flail of the Crawling Thing {heavy,
                  | Stlth+}
  1430 | D:3      | 1430 ||| INVOKING Spit Poison.
  1517 | D:3      | 1517 ||| INVOKING Spit Poison.
  1522 | D:3      | 1522 ||| INVOKING Spit Poison.
  1523 | D:3      | 1523 ||| INVOKING Spit Poison.
  1533 | D:3      | 1533 ||| INVOKING Spit Poison.
  1536 | D:3      | 1536 ||| INVOKING Spit Poison.
  1540 | D:3      | 1540 ||| INVOKING Spit Poison.
  1554 | D:3      | 1554 ||| INVOKING Spit Poison.
  1558 | D:3      | 1558 ||| INVOKING Spit Poison.
  1625 | D:3      | 1625 ||| INVOKING Spit Poison.
  1634 | D:3      | 1634 ||| INVOKING Spit Poison.
  1651 | D:3      | 1651 ||| INVOKING Spit Poison.
  1656 | D:3      | 1656 ||| INVOKING Spit Poison.
  1659 | D:3      | 1659 ||| INVOKING Spit Poison.
  1697 | D:3      | Found a sacrificial altar of Ru.
  1719 | D:3      | 1719 ||| INVOKING Spit Poison.
  1720 | D:3      | 1720 ||| INVOKING Spit Poison.
  1727 | D:3      | 1727 ||| INVOKING Spit Poison.
  1734 | D:3      | 1734 ||| INVOKING Spit Poison.
  1738 | D:3      | 1738 ||| INVOKING Spit Poison.
  1741 | D:3      | 1741 ||| INVOKING Spit Poison.
  1754 | D:3      | Found a blossoming altar of Fedhas.
  1756 | D:3      | Found a glowing golden altar of the Shining One.
  1983 | D:3      | 1983 ||| INVOKING Spit Poison.
  2032 | D:3      | 2032 ||| UPGRADING to +1 ring mail of fire resistance.
  2042 | D:3      | 2042 ||| DROPPING +0 leather armour.
  2043 | D:3      | 2043 ||| REMOVING scarf of Mane {rC+ rF+, rElec Int+6
                  | Slay-6 SInv}.
  2048 | D:3      | 2048 ||| READING scroll labelled YCRIYNTULAE.
  2049 | D:3      | 2049 ||| READING scroll labelled MOUZELINGODOOR.
  2050 | D:3      | 2050 ||| READING scroll labelled SELOEG APOFE.
  2051 | D:3      | 2051 ||| DRINKING 2 clear potions.
  2081 | D:4      | 2081 ||| PLANNING SEWER
  2081 | D:4      | 2081 ||| INVOKING Spit Poison.
  2085 | D:4      | 2085 ||| INVOKING Spit Poison.
  2117 | D:4      | 2117 ||| INVOKING Spit Poison.
  2131 | D:4      | Found a glowing drain.
  2151 | D:4      | 2151 ||| INVOKING Spit Poison.
  2153 | D:4      | 2153 ||| READING scroll labelled OLA MATHIRUXIAH.
  2256 | D:4      | 2256 ||| INVOKING Spit Poison.
  2260 | D:4      | 2260 ||| INVOKING Spit Poison.
  2266 | D:4      | 2266 ||| INVOKING Spit Poison.
  2272 | D:4      | 2272 ||| INVOKING Spit Poison.
  2367 | Sewer    | Entered a sewer
  2386 | Sewer    | 2386 ||| INVOKING Spit Poison.
  2391 | Sewer    | 2391 ||| INVOKING Spit Poison.
  2394 | Sewer    | 2394 ||| INVOKING Spit Poison.
  2398 | Sewer    | 2398 ||| INVOKING Spit Poison.
  2401 | Sewer    | HP: 13/58 [kobold/+0 dagger (3)]
  2402 | Sewer    | Reached skill level 6 in Ranged Weapons
  2402 | Sewer    | 2402 ||| DRINKING potion of heal wounds.
  2403 | Sewer    | 2403 ||| INVOKING Spit Poison.
  2502 | Sewer    | 2502 ||| INVOKING Spit Poison.
  2511 | Sewer    | 2511 ||| INVOKING Spit Poison.
  2531 | Sewer    | 2531 ||| INVOKING Spit Poison.
  2534 | Sewer    | 2534 ||| INVOKING Spit Poison.
  2570 | Sewer    | 2570 ||| INVOKING Spit Poison.
  2585 | Sewer    | 2585 ||| INVOKING Spit Poison.
  2630 | Sewer    | 2630 ||| INVOKING Spit Poison.
  2635 | Sewer    | 2635 ||| INVOKING Spit Poison.
  2665 | Sewer    | 2665 ||| READING scroll labelled SUUTZENOUH.
  2666 | Sewer    | 2666 ||| READING scroll labelled LEBYOD TIRYINUGH.
  2669 | Sewer    | 2669 ||| DRINKING 2 blue potions.
  2670 | Sewer    | 2670 ||| DROPPING potion of invisibility.
  2680 | D:4      | 2680 ||| PLANNING D:1-11
  2698 | D:4      | 2698 ||| INVOKING Spit Poison.
  2801 | D:4      | 2801 ||| INVOKING Spit Poison.
  2804 | D:4      | 2804 ||| INVOKING Spit Poison.
  2806 | D:4      | HP: 13/58 [ogre/+0 giant spiked club (29)]
  2807 | D:4      | 2807 ||| DRINKING potion of heal wounds.
  2808 | D:4      | 2808 ||| INVOKING Spit Poison.
  2809 | D:4      | Reached skill level 1 in Armour
  2809 | D:4      | Reached XP level 7. HP: 52/66 MP: 7/7
  2875 | D:4      | Found a staircase to the Ecumenical Temple.
  2876 | D:4      | 2876 ||| PLANNING TEMPLE
  2883 | Temple   | Entered the Ecumenical Temple
  3091 | Temple   | 3091 ||| PLANNING D:1-11
  3129 | D:4      | 3129 ||| INVOKING Spit Poison.
  3133 | D:4      | Identified the amulet "Caraqoma" {RegenMP Will++}
  3204 | D:4      | 3204 ||| INVOKING Spit Poison.
  3215 | D:4      | 3215 ||| INVOKING Spit Poison.
  3225 | D:4      | 3225 ||| INVOKING Spit Poison.
  3273 | D:4      | 3273 ||| INVOKING Spit Poison.
  3394 | D:4      | 3394 ||| INVOKING Spit Poison.
  3487 | D:4      | 3487 ||| UPGRADING to +0 pair of gloves.
  3492 | D:4      | 3492 ||| UPGRADING to amulet "Caraqoma" {RegenMP Will++}.
  3497 | D:4      | 3497 ||| DRINKING 2 sedimented sapphire potions.
  3602 | D:4      | 3602 ||| DROPPING potion of berserk rage.
  3622 | D:5      | Entered Level 5 of the Dungeon
  3623 | D:5      | 3623 ||| INVOKING Spit Poison.
  3627 | D:5      | 3627 ||| INVOKING Spit Poison.
  3662 | D:5      | Found Zin's Purification Station.
  3667 | D:5      | Found a glowing silver altar of Zin.
  3670 | D:5      | 3670 ||| BUYING potion of curing (90 gold).
  3670 | D:5      | Bought a potion of curing for 90 gold pieces
  3696 | D:5      | HP: 16/66 [water moccasin (4)]
  3697 | D:5      | 3697 ||| DRINKING potion of heal wounds.
  3701 | D:5      | Reached skill level 7 in Ranged Weapons
  3833 | D:5      | 3833 ||| INVOKING Spit Poison.
  4035 | D:5      | 4035 ||| INVOKING Spit Poison.
  4039 | D:5      | 4039 ||| INVOKING Spit Poison.
  4059 | D:5      | 4059 ||| INVOKING Spit Poison.
  4062 | D:5      | 4062 ||| INVOKING Spit Poison.
  4067 | D:5      | 4067 ||| INVOKING Spit Poison.
  4072 | D:5      | 4072 ||| INVOKING Spit Poison.
  4075 | D:5      | Reached XP level 8. HP: 64/73 MP: 8/8
  4075 | D:5      | 4075 ||| INVOKING Spit Poison.
  4116 | D:5      | Found Meducva's CLEARANCE SALE!.
  4148 | D:5      | 4148 ||| INVOKING Spit Poison.
  4151 | D:5      | 4151 ||| INVOKING Spit Poison.
  4303 | D:5      | 4303 ||| INVOKING Spit Poison.
  4310 | D:5      | 4310 ||| INVOKING Spit Poison.
  4449 | D:5      | 4449 ||| Stepping ~*~*~tactically~*~*~ (outnumbered).
  4451 | D:5      | 4451 ||| INVOKING Spit Poison.
  4455 | D:5      | 4455 ||| INVOKING Spit Poison.
  4458 | D:5      | 4458 ||| INVOKING Spit Poison.
  4463 | D:5      | Reached skill level 8 in Ranged Weapons
  4463 | D:5      | 4463 ||| INVOKING Spit Poison.
  4466 | D:5      | 4466 ||| INVOKING Spit Poison.
  4744 | D:5      | 4744 ||| UPGRADING to +0 orcbow.
  4745 | D:5      | 4745 ||| DROPPING +0 shortbow.
  4746 | D:5      | 4746 ||| UPGRADING to scarf of resistance.
  4751 | D:5      | 4751 ||| DROPPING scarf of Mane {rC+ rF+, rElec Int+6
                  | Slay-6 SInv}.
  4769 | D:6      | Found a snail-covered altar of Cheibriados.
  4773 | D:6      | 4773 ||| INVOKING Spit Poison.
  4825 | D:6      | Found an iron altar of Okawaru.
  4826 | D:6      | 4826 ||| PLANNING OKAWARU WORSHIP
  4832 | D:6      | Became a worshipper of Warmaster Okawaru
  4833 | D:6      | 4833 ||| PLANNING D:1-11
  4882 | D:6      | 4882 ||| INVOKING Spit Poison.
  4883 | D:6      | 4883 ||| Stepping ~*~*~tactically~*~*~ (outnumbered).
  4887 | D:6      | 4887 ||| INVOKING Spit Poison.
  4892 | D:6      | 4892 ||| INVOKING Spit Poison.
  4896 | D:6      | 4896 ||| INVOKING Spit Poison.
  4900 | D:6      | 4900 ||| INVOKING Spit Poison.
  4997 | D:6      | 4997 ||| INVOKING Spit Poison.
  5000 | D:6      | 5000 ||| INVOKING Spit Poison.
  5005 | D:6      | 5005 ||| INVOKING Spit Poison.
  5011 | D:6      | 5011 ||| INVOKING Spit Poison.
  5017 | D:6      | 5017 ||| INVOKING Spit Poison.
  5023 | D:6      | 5023 ||| INVOKING Spit Poison.
  5025 | D:6      | HP: 12/74 [orc warrior/+0 trident (14)]
  5029 | D:6      | 5029 ||| INVOKING Spit Poison.
  5029 | D:6      | Slain by an orc warrior

Levels and vault maps discovered:
D:1:      minmay_arrival_floating_metal, layout_loops_ring,
          shapermc_ecumenical_altar_hornbeckon
D:2:      layout_basic, nicolae_elevator_lobby_plus, uniq_terence, uniq_sigmund
D:3:      layout_basic, nicolae_ru_the_path_less_chosen, vehumet_altar_wand_db,
          jmf_multi_god_temple
D:4:      layout_loops_ring, minmay_temple_entry_sparse_star,
          gup_sewer_entry_glass, minivault_26
D:5:      layout_loops_ring, zin_purify, minmay_misc_feat_doors,
          nicolae_shop_clearance
D:6:      minmay_chambers_of_sixes, layout_gridville,
          nicolae_overflow_crystal_walls, mainiacjoe_overflow_alcove_1
Temple:   nicolae_temple_figure_eight

Skill      XL: |  1  2  3  4  5  6  7  8 |
---------------+-------------------------+-----
Ranged Weapons | 4 5 6 7 8 |  8.7
Fighting       | 4 5 |  5.2
Armour         | 1 |  1.9
Dodging        | 2 |  2.0
Stealth        | |  1.5

Action                     |  1- 3 |  4- 6 |  7- 9 || total
---------------------------+-------+-------+-------++-------
   Fire: Shortbow          |    31 |   123 |   101 ||   255
         Orcbow            |       |       |    61 ||    61
Ability: Spit Poison       |    11 |    52 |    38 ||   101
    Use: Scroll            |     1 |     9 |       ||    10
         Potion            |       |     4 |     2 ||     6
 Armour: Leather armour    |     1 |    10 |       ||    11
         Ring mail         |       |    36 |    77 ||   113
  Dodge: Dodged            |     4 |    55 |    78 ||   137

Table legend:
 A = Non-vault XP
 B = Vault XP
 C = Vault XP percentage of total XP
 D = Non-vault monster count
 E = Vault monster count
 F = Vault count percentage of total count
                 A         B        C        D         E       F
            +---------+---------+-------+---------+---------+-------
      Total |    1549 |     463 |  23.0 |      91 |      25 |  21.6
            +---------+---------+-------+---------+---------+-------
        D:1 |      17 |       0 |   0.0 |      10 |       0 |   0.0
        D:2 |      49 |     267 |  84.5 |      15 |       2 |  11.8
        D:3 |      53 |      44 |  45.4 |      16 |       3 |  15.8
        D:4 |     263 |      30 |  10.2 |      14 |       3 |  17.6
        D:5 |     660 |       0 |   0.0 |      20 |       0 |   0.0
        D:6 |     507 |       0 |   0.0 |      16 |       0 |   0.0
      Sewer |       0 |     122 | 100.0 |       0 |      17 | 100.0
            +---------+---------+-------+---------+---------+-------
